AoeStats
← DisorderWess

Arena

504930611Analyzed
2v2 RM · 26d ago on Sep 7, 2026· 64m 9s· 4 players
Game mode
Random Map
Map size
Medium (4 player)
Population
200
Speed
Normal
Resources
Standard
Victory
Conquest
Starting age
Dark Age
Ending age
Imperial Age
RankedLock teamsTeams togetherTeam positionsShared explorationLock speedFull tech treeHidden civsTurbo modeCheats
Victory
Defeat
🇲🇽 Cumans · Mexico
903
+10
🇲🇽 Italians · Mexico
820
+13
🇨🇴 Spanish · Colombia
803
-13
🇨🇴 Persians · Colombia
714
-10
Renato243150
0:47 Loom
12:07 Feudal Age
12:33 Double-Bit Axe
13:06 Gold Mining
15:53 Horse Collar
21:12 Castle Age
24:10 Castle Age
25:54 Bow Saw
29:28 Gold Shaft Mining
29:38 Stone Mining
32:16 Stone Shaft Mining
35:53 Imperial Age
34:04 Caravan
34:49 Wheelbarrow
35:15 Forging
37:03 Iron Casting
37:29 Husbandry
38:12 Bloodlines
38:02 Cavalier
56:44 Heavy Scorpion
Yerkon
9:13 Loom
10:59 Feudal Age
15:36 Double-Bit Axe
15:33 Horse Collar
20:09 Castle Age
18:47 Man-at-Arms
20:35 Bloodlines
23:34 Long Swordsman
34:43 Imperial Age
42:40 Conscription
42:05 Elite Skirmisher
45:05 Thumb Ring
DUIS12
4:49 Loom
12:01 Feudal Age
16:39 Town Watch
18:49 Stone Mining
21:19 Castle Age
21:35 Fletching
24:19 Pikeman
25:01 Squires
25:16 Forging
25:08 Scale Mail Armor
29:41 Double-Bit Axe
32:37 Bodkin Arrow
34:11 Padded Archer Armor
37:24 Bow Saw
37:02 Horse Collar
38:46 Leather Archer Armor
40:21 Ballistics
42:44 Imperial Age
43:44 Bracer
45:07 Chemistry
45:03 Thumb Ring
46:32 Conscription
46:32 Elite Genoese Crossbowman
49:39 Caravan
54:14 Ring Archer Armor
DisorderWess
7:19 Loom
10:13 Feudal Age
21:32 Town Watch
23:00 Man-at-Arms
23:25 Arson
24:10 Double-Bit Axe
24:19 Horse Collar
29:11 Castle Age
28:02 Forging
27:53 Scale Mail Armor
28:01 Scale Barding Armor
28:19 Gold Mining
28:33 Stone Mining
29:22 Bloodlines
30:36 Bow Saw
29:55 Crossbowman
30:24 Pikeman
32:12 Squires
31:41 Capped Ram
33:01 Long Swordsman
35:42 Town Patrol
37:41 Light Cavalry
39:04 Fletching
39:50 Iron Casting
39:30 Chain Mail Armor
39:15 Padded Archer Armor
39:36 Chain Barding Armor
43:06 Wheelbarrow
44:02 Bodkin Arrow
44:22 Leather Archer Armor
46:50 Hand Cart
48:53 Thumb Ring
51:32 Imperial Age
49:34 Ballistics
49:09 Murder Holes
49:25 Masonry
52:45 Cuman Mercenaries
52:25 Siege Ram
53:02 Halberdier
55:28 Blast Furnace
54:58 Plate Mail Armor
55:04 Plate Barding Armor
56:01 Onager
61:43 Hoardings
60:38 Sappers
61:28 Conscription
60:29 Elite Kipchak
61:09 Steppe Husbandry
60:34 Siege Onager
61:22 Elite Steppe Lancer
62:15 Heavy Plow
62:28 Spies/Treason
63:33 Conscription
62:33 Elite Kipchak
63:14 Steppe Husbandry
Connection lost

Rejoining the realm…

Still unreachable

The connection could not be restored.

Session expired

The server has moved on; the page needs a fresh start.